 Dungeon Crawl Stone Soup version 0.22-b1-26-g9dbaab1 (webtiles) character file.

53 MTVSty1e the Chopper (level 3, -6/31 HPs)
             Began as a Draconian Gladiator on Aug 8, 2018.
             Mangled by a gnoll
             ... wielding a +0 halberd
              (8 damage)
             ... on level 2 of the Dungeon.
             The game lasted 00:01:48 (1375 turns).

MTVSty1e the Chopper (Draconian Gladiator)          Turns: 1375, Time: 00:01:49

Health: -6/31      AC:  5    Str: 17    XL:     3   Next: 64%
Magic:  3/3        EV: 13    Int:  8    God:
Gold:   75         SH:  0    Dex: 12    Spells: 2/2 levels left

rFire    . . .     SeeInvis .   a - +0 war axe
rCold    . . .     Gourm    .   (no shield)
rNeg     . . .     Faith    .   (armour unavailable)
rPois    .         Spirit   .   b - +0 hat
rElec    .         Reflect  .   (no cloak)
rCorr    .         Harm     .   (no gloves)
MR       .....                  (no boots)
Stlth    +.........             (no amulet)
HPRegen  0.10/turn              (no ring)
MPRegen  0.08/turn              (no ring)

@: no status effects
A: unfitting armour, cold-blooded, AC +5
a: no special abilities


You were on level 2 of the Dungeon.
You were not hungry.

You visited 1 branch of the dungeon, and saw 2 of its levels.

You collected 75 gold pieces.

Inventory:

Hand Weapons
 a - a +0 war axe (weapon)
Missiles
 c - 3 throwing nets (quivered)
Armour
 b - a +0 hat (worn)
Scrolls
 f - 2 scrolls of noise {unknown}
 g - a scroll of remove curse {unknown}
 h - 2 scrolls of blinking {unknown}
 i - a scroll of identify {unknown}
 k - a scroll of enchant armour {unknown}
 l - a scroll of immolation {unknown}
 m - a scroll of random uselessness {unknown}
Potions
 e - a potion of might {unknown}
 j - 3 potions of degeneration {unknown}
Comestibles
 d - 5 rations


   Skills:
 + Level 3.1 Fighting
 * Level 4.2 Axes
 - Level 1.7 Throwing
 - Level 2.6 Dodging


You had 2 spell levels left.
You didn't know any spells.
Your spell library was empty.

Dungeon Overview and Level Annotations

Branches:
Dungeon (2/15)

Altars:
Ashenzari


Innate Abilities, Weirdness & Mutations

Your plain brown scales are hard. (AC +5)
You cannot fit into any form of body armour.
You are cold-blooded and may be slowed by cold attacks.


Message History

You hit the gnoll but do no damage. The gnoll hits you with a halberd!
You hit the gnoll.
Your tail-slap misses the gnoll.
The gnoll is moderately wounded.
The gnoll hits you with a halberd!
You barely miss the gnoll.
The gnoll is moderately wounded.
The gnoll hits you with a halberd.
You closely miss the gnoll.
The gnoll is moderately wounded.
The gnoll hits you with a halberd.
* * * LOW HITPOINT WARNING * * *
You closely miss the gnoll.
The gnoll is moderately wounded.
The gnoll hits you but does no damage.
You barely miss the gnoll.
The gnoll is moderately wounded.
The gnoll hits you with a halberd.
* * * LOW HITPOINT WARNING * * *
The gnoll hits you with a halberd!
You die...

#.# ####.......# #.# #.#
#..........# #.# #.# #..........#
#####.# #####.## #..........#
#.....## ....>..# #..........#
#....... .......####....########
#....... ..........'....'......#
#.......
####..#####....######.#######....
................@gg.........+....
####..##############..#######....
#..# #..# #####
#..##############g.#
#†............g....#
####.######...........#
......................#
.....######....÷÷.....#
###########.....g.....#


You could see 2 gnolls.

Vanquished Creatures
  Terence (D:2)
  A dart slug (D:1)
  A leopard gecko (D:2)
  2 ball pythons
  2 giant cockroaches
  3 goblins
  A hobgoblin (D:1)
  6 bats
  5 frilled lizards
  5 kobolds
  A rat (D:1)
28 creatures vanquished.

Notes
Turn   | Place    | Note
-------+----------+-------------------------------------------
     0 | D:1      | MTVSty1e the Draconian Gladiator began the quest for the Orb.
     0 | D:1      | Reached XP level 1. HP: 17/17 MP: 1/1
   220 | D:1      | Reached XP level 2. HP: 16/25 MP: 2/2
   853 | D:1      | Found a shattered altar of Ashenzari.
  1227 | D:2      | Reached XP level 3. HP: 28/30 MP: 3/3
  1272 | D:2      | Noticed Terence
  1285 | D:2      | Killed Terence
  1285 | D:2      | Reached skill level 4 in Axes
  1375 | D:2      | Mangled by a gnoll

Skill      XL: |  1  2  3 |
---------------+----------+-----
Fighting       | 3 |  3.1
Axes           | 4 |  4.2
Throwing       | |  1.7
Dodging        | |  2.6

Action                   || total
-------------------------++-------
Melee: War axe           ||   106
       Tailslap          ||     7
 Stab: Sleeping          ||     1
  Eat: Ration            ||     1
Armor: Skin              ||    42
Dodge: Dodged            ||   101
